 Dungeon Crawl Stone Soup version 0.28-a0-390-gb254ac4902 (webtiles) character file.

Game seed: 11845068855789910243

703 zdrol the Covered (level 7, -6/61 HPs)
             Began as a Minotaur Fighter on Sept 4, 2021.
             Was a Follower of Okawaru.
             Mangled by an ogre (12 damage)
             ... on level 5 of the Dungeon.
             The game lasted 00:21:57 (5095 turns).

zdrol the Covered (Minotaur Fighter)                Turns: 5095, Time: 00:21:58

Health: -6/61      AC:  8    Str: 21    XL:     7   Next: 39%
Magic:  6/6        EV: 11    Int:  5    God:    Okawaru [*.....]
Gold:   205        SH:  5    Dex: 17    Spells: 6/6 levels left

rFire   + . .      SeeInvis .   q - +0 morningstar (holy)
rCold   x . .      Faith    .   c - +0 buckler
rNeg    . . .      Spirit   .   b - +0 scale mail
rPois   .          Reflect  .   (helmet restricted)
rElec   .          Harm     .   (no cloak)
rCorr   .          Rampage  .   y - +0 pair of gloves
Will    .....                   (no boots)
Stlth   +.........              (no amulet)
HPRegen 0.20/turn               h - ring of fire
MPRegen 0.10/turn               p - +6 ring of dexterity

@: no status effects
A: horns 2, retaliatory headbutt
a: Renounce Religion, Heroism


You were on level 5 of the Dungeon.
You worshipped Okawaru.
Okawaru was aware of your devotion.
You visited 1 branch of the dungeon, and saw 5 of its levels.

You collected 205 gold pieces.

Inventory:

Hand Weapons
 a - a +0 war axe
 q - a +0 morningstar of holy wrath (weapon)
Missiles
 n - 27 poisoned darts (quivered)
Armour
 b - a +0 scale mail (worn)
 c - a +0 buckler (worn)
 y - a +0 pair of gloves (worn)
Jewellery
 h - a ring of fire (left hand)
 p - a +6 ring of dexterity (right hand)
 v - an amulet of the acrobat
 w - a ring of ice
Scrolls
 f - a scroll of noise {unknown}
 i - a scroll of blinking {unknown}
 k - a scroll of enchant weapon {unknown}
 o - a scroll of enchant armour {unknown}
 s - a scroll of brand weapon {unknown}
 t - a scroll of fear {unknown}
 u - 2 scrolls of teleportation {unknown}
Potions
 d - a potion of might
 e - a potion of attraction
 g - 2 potions of haste
 j - 2 potions of lignification
 l - a potion of berserk rage {unknown}
 m - a potion of flight {unknown}
 r - 2 potions of heal wounds {unknown}
 x - a potion of brilliance {unknown}
 z - a potion of degeneration {unknown}


   Skills:
 + Level 5.3 Fighting
 + Level 3.8(5.0) Axes
 + Level 4.9(5.5) Maces & Flails
 + Level 6.0 Armour
 + Level 2.0 Dodging
 + Level 1.1 Stealth
 + Level 4.7 Shields


You had 6 spell levels left.
You didn't know any spells.
Your spell library contained the following spells:

 Spells                   Type           Power      Damage    Failure   Level
 Summon Small Mammal      Summ           Unusable   N/A       N/A         1
 Call Canine Familiar     Summ           Unusable   N/A       N/A         3
 Summon Guardian Golem    Hex/Summ       Unusable   N/A       N/A         3

Dungeon Overview and Level Annotations

Branches:
Dungeon (5/15)             Temple (0/1) D:5

Altars:
Ashenzari
Fedhas
Okawaru
Qazlal
Sif Muna
Uskayaw

Shops:
D:4 (


Innate Abilities, Weirdness & Mutations

You have a pair of horns on your head.
You reflexively headbutt those who attack you in melee.


Message History

The adder bites you.
* * * LOW HITPOINT WARNING * * *
The white imp laughs crazily.
The adder barely misses you.
You closely miss the adder. The adder closely misses you.
The ogre closely misses you.
You closely miss the adder.
You headbutt the adder, but do no damage.
The adder misses you. You block the ogre's attack. The adder bites you.
* * * LOW HITPOINT WARNING * * *
You are poisoned.
The adder poisons you!
You feel sick.
You closely miss the adder.
You feel sick. The adder barely misses you.
The adder bites you but does no damage.
You puncture the adder!
The adder is almost dead.
You feel sick. You block the adder's attack.
Unknown command.
You hit the adder but do no damage.
The adder is almost dead.
You feel sick. The adder bites you.
* * * LOW HITPOINT WARNING * * *
The adder bites you.
* * * LOW HITPOINT WARNING * * *
You barely miss the adder.
The adder is almost dead.
You feel sick.
You are no longer poisoned.
The adder closely misses you. You furiously retaliate!
You headbutt the adder.
You kill the adder!
Okawaru accepts your kill.
You barely miss the ogre.
The ogre hits you with a +0 giant spiked club.
* * * LOW HITPOINT WARNING * * *
You hit the ogre.
You headbutt the ogre, but do no damage.
The ogre is lightly wounded.
The ogre hits you with a +0 giant spiked club!
You die...

#...#
#######.#.###
#.......#...#
#.#######.#.#
#.# #...# #.#
#.#.#
########.#
#...#
.........#
#.#.#
##########
#@..# #O###
#5†.# ##
#.#.#
#..#...#
#..).#)#
#..#...#
##.#.#.# #
#...#


You could see an ogre and a white imp.

Vanquished Creatures
  A black bear (D:4)
  An ogre (D:5)
  A scorpion (D:5)
  A jelly (D:4)
  A bullfrog skeleton (D:4)
  A hound (D:5)
  3 iguanas
  An orc wizard (D:4)
  A hound zombie (D:5)
  A hound skeleton (D:5)
  4 gnolls (D:5)
  10 adders
  3 worms
  4 dart slugs
  10 orcs (D:4)
  11 endoplasms
  3 giant cockroaches (D:1)
  8 hobgoblins
  2 jackals (D:2)
  8 kobolds
  2 quokkas
  7 ball pythons
  11 bats
  5 frilled lizards
  9 goblins
  8 rats
117 creatures vanquished.

Vanquished Creatures (others)
  10 fungi (D:4)
10 creatures vanquished.

Grand Total: 127 creatures vanquished

Notes
Turn   | Place    | Note
-------+----------+-------------------------------------------
     0 | D:1      | zdrol the Minotaur Fighter began the quest for the Orb.
     0 | D:1      | Reached XP level 1. HP: 19/19 MP: 0/0
   192 | D:1      | Reached XP level 2. HP: 27/27 MP: 1/1
   193 | D:1      | Found a faded altar of an unknown god.
   285 | D:1      | Reached skill level 4 in Armour
   686 | D:1      | Found Ugofeotu's Magic Scroll Emporium.
  1476 | D:2      | Reached XP level 3. HP: 30/33 MP: 2/2
  2140 | D:3      | Reached XP level 4. HP: 40/40 MP: 3/3
  2943 | D:3      | Found a stormy altar of Qazlal.
  3086 | D:3      | Found a broken altar of Ashenzari.
  3101 | D:3      | Found a hide-covered altar of Uskayaw.
  3192 | D:4      | Found a shimmering blue altar of Sif Muna.
  3287 | D:4      | Reached skill level 1 in Maces & Flails
  3287 | D:4      | Reached XP level 5. HP: 31/47 MP: 4/4
  3466 | D:4      | Found an iron altar of Okawaru.
  3474 | D:4      | Became a worshipper of Warmaster Okawaru
  3532 | D:4      | Noticed a black bear
  3540 | D:4      | Killed a black bear
  3541 | D:4      | Reached skill level 5 in Armour
  3710 | D:4      | Found Ixtero's Weapon Emporium.
  3738 | D:4      | Found a blossoming altar of Fedhas.
  3841 | D:4      | Reached XP level 6. HP: 39/53 MP: 5/5
  4168 | D:4      | Reached skill level 5 in Fighting
  4202 | D:4      | Reached skill level 1 in Dodging
  4668 | D:5      | Entered Level 5 of the Dungeon
  4688 | D:5      | Reached * piety under Okawaru
  4783 | D:5      | Found a staircase to the Ecumenical Temple.
  4849 | D:5      | Reached skill level 1 in Stealth
  4924 | D:5      | Reached XP level 7. HP: 41/61 MP: 6/6
  5083 | D:5      | Reached skill level 6 in Armour
  5095 | D:5      | Mangled by an ogre

Illustrated notes

Levels and vault maps discovered:
D:1:      psy_arrival_basics, layout_basic, serial_shops, nicolae_shop_stone,
          dilly_ecumenical_altar_fadedgnrine
D:2:      layout_rooms
D:3:      minmay_wonky_spiral, layout_basic, mainiacjoe_overflow_swirl,
          nicolae_qazlal_general_emergency, nrook_mini_backslash,
          chequers_serial_rivers_micro_e
D:4:      old_forge, layout_loops_ring, kennysheep_little_box,
          mainiacjoe_overflow_alcove_1, mainiacjoe_overflow_cross_hatched,
          serial_shops, nicolae_shop_stone
D:5:      layout_loops_ring, minmay_temple_entry_junction,
          ebering_ghost_disaster_area, hangedman_minor_gate_pass

Skill      XL: |  1  2  3  4  5  6  7 |
---------------+----------------------+-----
Fighting       | 4 5 |  5.3
Armour         | 4 5 6 |  6.0
Axes           | 3 |  3.8
Shields        | 4 |  4.7
Maces & Flails | 1 3 4 |  4.9
Dodging        | 1 2 |  2.0
Stealth        | 1 |  1.1

Action                   |  1- 3 |  4- 6 |  7- 9 || total
-------------------------+-------+-------+-------++-------
Melee: War axe           |   101 |     8 |       ||   109
       Headbutt          |    15 |    25 |     6 ||    46
       Morningstar       |       |   113 |    19 ||   132
Throw: Dart              |       |     2 |       ||     2
  Use: Scroll            |       |     3 |       ||     3
 Stab: Held in net/web   |       |     1 |       ||     1
Armor: Scale mail        |    45 |    56 |    10 ||   111
Dodge: Dodged            |    43 |    60 |    13 ||   116
Block: Buckler           |    23 |    28 |     5 ||    56

Table legend: (Time is in decaauts)
 A = Elapsed time spent in this place.
 B = Non-inter-level travel time spent in this place.
 C = Inter-level travel time spent in this place.
 D = Time resting spent in this place.
 E = Time spent auto-exploring this place.
 F = Levels seen in this place.
 G = Mean time per level.
                   A        B        C        D        E       F      G
               +--------+--------+--------+--------+--------+-----+--------+
         Total |   5175 |   5175 |      0 |    460 |   2446 |   5 | 1035.0 |
       Dungeon |   5175 |   5175 |      0 |    460 |   2446 |   5 | 1035.0 |
               +--------+--------+--------+--------+--------+-----+--------+

Top non-repeatable levels by time:
     D:4: 1506 daAuts
     D:1: 1462 daAuts
     D:3: 1063 daAuts
     D:2: 706 daAuts
     D:5: 437 daAuts
